 Dungeon Crawl Stone Soup version 0.28-a0-500-g121bc3e445 (webtiles) character file.

Game seed: 16798641821356164421

3343 frimble the Tainter (level 10, -6/55 (60) HPs)
             Began as an Octopode Venom Mage on Sept 20, 2021.
             Mangled by a wight (22 damage)
             ... on level 5 of the Dungeon.
             The game lasted 00:10:49 (7659 turns).

frimble the Tainter (Octopode Venom Mage)           Turns: 7659, Time: 00:10:50

HP:   -6/55 (60)    AC:  1    Str:  8    XL:     10   Next: 2%
MP:   21/22         EV: 13    Int: 20    God:
Gold: 108           SH:  0    Dex: 13    Spells: 20/25 levels left

rFire   . . .      SeeInvis .   k - +0 dagger (drain)
rCold   . . .      Faith    .   (no shield)
rNeg    . . .      Spirit   .   (helmet restricted)
rPois   .          Reflect  .   (no amulet)
rElec   .          Harm     .   b - ring of wizardry
rCorr   .          Rampage  .   d - ring of flight
Will    .....                   (no ring)
Stlth   ++++......              (no ring)
HPRegen 0.18/turn               (no ring)
MPRegen 0.18/turn               (no ring)
                                (no ring)
                                (no ring)

@: flying, drained
A: almost no armour, amphibious, 8 rings, camouflage 1, gelatinous body 1,
(nimble swimmer 1), tentacles
a: no special abilities


You were on level 5 of the Dungeon.
You visited 1 branch of the dungeon, and saw 6 of its levels.

You collected 146 gold pieces.
You spent 38 gold pieces at shops.

Inventory:

Hand Weapons
 k - a +0 dagger of draining (weapon)
Missiles
 a - 7 boomerangs
Jewellery
 b - a ring of wizardry (left tentacle)
 d - a ring of flight (right tentacle)
 m - a +4 ring of protection
Wands
 j - a wand of paralysis (13)
Scrolls
 g - 2 scrolls of magic mapping
Potions
 c - 2 potions of haste
 e - a potion of curing
 f - 2 potions of flight
 i - a potion of mutation
 l - a potion of resistance
 n - 3 potions of attraction {unknown}
 o - a potion of berserk rage {unknown}


   Skills:
 - Level 2.2 Fighting
 + Level 8.6 Short Blades
 - Level 2.0 Dodging
 - Level 4.5 Stealth
 - Level 8.0 Spellcasting
 - Level 1.0 Transmutations
 - Level 11.0 Poison Magic
 + Level 4.9 Evocations


You had 20 spell levels left.
You knew the following spells:

 Your Spells              Type           Power      Damage    Failure   Level
a - Sting                 Tmut/Pois      100%       1d8       1%          1
b - Olgreb's Toxic Radia  Pois           51%        N/A       1%          4

Your spell library contained the following spells:

 Spells                   Type           Power      Damage    Failure   Level
 Poisonous Vapours        Pois/Air       60%        N/A       1%          2
 Mephitic Cloud           Conj/Pois/Air  22%        N/A       2%          3
 Freeze                   Ice            32%        1d5       3%          1
 Frozen Ramparts          Ice            16%        1d3       11%         3
 Hailstorm                Conj/Ice       8%         3d4       32%         4


Dungeon Overview and Level Annotations

Branches:
Dungeon (6/15)             Temple (0/1) D:5

Altars:
Beogh

Shops:
D:2 ?


Innate Abilities, Weirdness & Mutations

You cannot wear most types of armour.
You are amphibious.
You can wear up to eight rings at the same time.
Your skin changes colour to match your surroundings (Stealth+).
Your rubbery body absorbs attacks. (AC +1, EV +1)
((You are camouflaged near water. (Stealth+)))
You have tentacles for arms and can constrict up to eight enemies at once.


Message History

Unknown command.
Found 17 arrows.
There is a stone staircase leading up here.
You completely miss the adder. You grab the adder. You constrict the adder.
The adder misses you.
You hit the adder but do no damage.
The adder is lightly wounded.
You constrict the adder. The adder misses you.
Casting: Olgreb's Toxic Radiance (safe; 1% risk of failure)
Confirm with . or Enter, or press ? or * to list all spells.
Aiming: Sting (safe; 1% risk of failure)
Press: ? - help, Shift-Dir - straight line, f - adder
Aim: an adder (lightly wounded, constricted by you, 92% to hit)
The sting hits the adder.
The adder is poisoned.
The adder is severely wounded.
You constrict the adder. The adder barely misses you.
You release your grip on the adder.
You kill the adder!
The wight hits you with a +5 great sword!
You feel drained.
Training target 8.0 for Spellcasting reached!
Your Spellcasting skill increases to level 8!
You fly upwards.
There is a stone staircase leading down here.
Aiming: Paralyse
Press: ? - help, Shift-Dir - straight line, f - wight
Aim: a wight, wielding a +5 great sword and wearing a +0 robe of willpower (chance to affect: 26%)
The wight easily resists.
The wight misses you.
Aiming: Paralyse
Press: ? - help, Shift-Dir - straight line, f/p - wight
Aim: a wight, wielding a +5 great sword and wearing a +0 robe of willpower (chance to affect: 26%)
The wight easily resists.
The wight hits you with a +5 great sword!
* * * LOW HITPOINT WARNING * * *
Aiming: Paralyse
Press: ? - help, Shift-Dir - straight line, f/p - wight
Aim: a wight, wielding a +5 great sword and wearing a +0 robe of willpower (chance to affect: 26%)
The wight easily resists.
The wight hits you with a +5 great sword!!
You die...

....# ....# ############
....# #..........#
...?####..........#
#######
..................#
#.....#
#######...........#
##.....# #
#...........#####......#
##
#........z.............#
.#
##......[.@.#####......#
^#######..........#
##..######
......###.....##### #...#
.......[....#..# #...#
####..>.....##.######...#
# ##........##..##......#
# #.......<.###.........#
###.####.....#......#...#
##..# ###.#.#......#...#


You could see a wight.

Vanquished Creatures
  Pikel (D:5)
  Edmund (D:5)
  An ogre (D:5)
  2 black bears
  A necrophage (D:5)
  2 lemures (D:5)
  A phantom (D:5)
  A scorpion (D:5)
  3 wights
  A bullfrog zombie (D:5)
  A gnoll shaman (D:6)
  3 orc priests
  5 orc wizards
  Terence (D:2)
  Jessica (D:2)
  2 centaur skeletons
  An iguana (D:5)
  Robin (D:2)
  4 adders
  7 gnolls
  3 ufetubi
  A worm (D:5)
  A dart slug (D:3)
  21 orcs
  13 endoplasms
  3 giant cockroaches
  8 hobgoblins
  13 jackals
  3 quokkas
  5 ball pythons
  4 bats
  4 frilled lizards
  17 goblins
  7 kobolds
  A quokka skeleton (D:4)
  11 rats
155 creatures vanquished.

Notes
Turn   | Place    | Note
-------+----------+-------------------------------------------
     0 | D:1      | frimble the Octopode Venom Mage began the quest for the
                  | Orb.
     0 | D:1      | Reached XP level 1. HP: 11/11 MP: 3/3
   318 | D:1      | Reached XP level 2. HP: 10/18 MP: 3/5
   370 | D:1      | Reached skill level 1 in Fighting
   663 | D:1      | Reached skill level 4 in Poison Magic
  1091 | D:1      | Reached XP level 3. HP: 18/23 MP: 6/6
  1518 | D:2      | Noticed Jessica
  1521 | D:2      | Killed Jessica
  1538 | D:2      | Found Guut Teu's Magic Scroll Boutique.
  1551 | D:2      | Reached skill level 1 in Short Blades
  1551 | D:2      | Reached XP level 4. HP: 22/29 MP: 4/7
  1657 | D:2      | Bought a scroll of magic mapping for 38 gold pieces
  1696 | D:2      | Learned a level 4 spell: Olgreb's Toxic Radiance
  2215 | D:2      | Noticed Robin
  2227 | D:2      | Killed Robin
  2442 | D:2      | Reached XP level 5. HP: 34/34 MP: 8/8
  2483 | D:2      | Noticed Terence
  2504 | D:2      | Killed Terence
  2699 | D:2      | Reached skill level 5 in Poison Magic
  2993 | D:3      | Reached XP level 6. HP: 17/39 MP: 0/9
  3857 | D:3      | Found a faded altar of an unknown god.
  4195 | D:4      | Reached skill level 1 in Evocations
  4831 | D:4      | Noticed a black bear
  4846 | D:4      | Killed a black bear
  4847 | D:4      | Reached XP level 7. HP: 45/45 MP: 5/11
  5088 | D:5      | Entered Level 5 of the Dungeon
  5349 | D:5      | Reached skill level 6 in Poison Magic
  5794 | D:5      | Noticed Pikel
  5829 | D:5      | Killed Pikel
  5830 | D:5      | Reached skill level 7 in Poison Magic
  5830 | D:5      | Reached XP level 8. HP: 50/50 MP: 3/14
  5999 | D:5      | Noticed Edmund
  6056 | D:5      | Killed Edmund
  6275 | D:5      | Found a staircase to the Ecumenical Temple.
  6541 | D:5      | Reached skill level 5 in Short Blades
  6740 | D:5      | Reached skill level 10 in Poison Magic
  6740 | D:5      | Reached XP level 9. HP: 54/54 MP: 15/20
  7291 | D:5      | Reached skill level 11 in Poison Magic
  7446 | D:6      | Reached XP level 10. HP: 23/56 MP: 21/21
  7659 | D:5      | Mangled by a wight

Illustrated notes

Levels and vault maps discovered:
D:1:      dpeg_arrival_windows_large_door, layout_basic
D:2:      layout_basic, serial_shops, shop, uniq_jessica, uniq_robin,
          uniq_terence
D:3:      layout_basic, hellmonk_ecumenical_altar_defaced_shrine
D:4:      layout_basic, amcnicky_mini_corridor_feature
D:5:      layout_rooms, minmay_temple_entry_fiery, uniq_pikel, uniq_edmund
D:6:      layout_rooms, kennysheep_nub

Skill      XL: |  1  2  3  4  5  6  7  8  9 10 |
---------------+-------------------------------+-----
Stealth        | 3 4 |  4.5
Fighting       | 1 2 |  2.2
Poison Magic   | 4 5 7 10 11 | 11.0
Short Blades   | 1 2 3 4 8 |  8.6
Evocations     | 1 4 |  4.9
Spellcasting   | 3 4 7 8 |  8.0
Dodging        | |  2.0
Transmutations | |  1.0

Action                   |  1- 3 |  4- 6 |  7- 9 | 10-12 || total
-------------------------+-------+-------+-------+-------++-------
Melee: Unarmed           |    32 |       |       |       ||    32
       Constrict         |    13 |    32 |    11 |     3 ||    59
       Tentacles         |     9 |    27 |    14 |     1 ||    51
       Dagger            |    26 |   165 |    92 |     8 ||   291
 Cast: Sting             |    16 |    22 |    12 |     1 ||    51
       Olgreb's Toxic Ra |       |    13 |    12 |     3 ||    28
Evoke: Wand              |       |       |     2 |     3 ||     5
  Use: Scroll            |     3 |     3 |     5 |       ||    11
       Potion            |       |       |     1 |       ||     1
 Stab: Sleeping          |     9 |    12 |     5 |       ||    26
       Distracted        |       |     1 |       |       ||     1
       Paralysed         |       |       |     1 |       ||     1
Armor: Skin              |     6 |    14 |     3 |       ||    23
Dodge: Dodged            |    35 |   116 |    58 |     7 ||   216

Table legend: (Time is in decaauts)
 A = Elapsed time spent in this place.
 B = Non-inter-level travel time spent in this place.
 C = Inter-level travel time spent in this place.
 D = Time resting spent in this place.
 E = Time spent auto-exploring this place.
 F = Levels seen in this place.
 G = Mean time per level.
                   A        B        C        D        E       F      G
               +--------+--------+--------+--------+--------+-----+--------+
         Total |   7617 |   7478 |    139 |    117 |   6101 |   6 | 1269.5 |
       Dungeon |   7617 |   7478 |    139 |    117 |   6101 |   6 | 1269.5 |
               +--------+--------+--------+--------+--------+-----+--------+

Top non-repeatable levels by time:
     D:5: 2315 daAuts
     D:1: 1517 daAuts
     D:2: 1379 daAuts
     D:4: 1172 daAuts
     D:3: 1115 daAuts
     D:6: 118 daAuts
